[Event "4th Batumi Cup 2018"]
[Site "Batumi"]
[Date "2018.07.04"]
[Round "3"]
[White "Sindarov, Javokhir"]
[Black "Quparadze, Giga"]
[Result "1/2-1/2"]
[ECO "B49"]
[WhiteElo "2474"]
[BlackElo "2503"]
[Annotator "RC"]
[PlyCount "118"]
[EventDate "2018.07.03"]
[EventType "swiss"]
[EventCountry "GEO"]
[SourceTitle "playchess.com"]
[Source "ChessBase"]
[SourceQuality "1"]
[TimeControl "40/5400+30:1800+30"]

1. e4 c5 2. Nf3 e6 3. d4 cxd4 4. Nxd4 a6 5. Nc3 Qc7 6. Be2 Nc6 7. Be3 b5 8. O-O Bb7 9. f4 Bc5 10. Qd2 Nf6 11. e5 Nxd4 12. Bxd4 Ne4 13. Nxe4 Bxe4 14. Bf3 Bxf3 15. Rxf3 Bxd4+ 16. Qxd4 Qa7 17. Rd1 Ke7 18. f5 exf5 19. Rxf5 Qxd4+ 20. Rxd4 Rac8 21. Rf2 Rc5 22. Rfd2 Rd8 23. Rd6 a5 24. R6d5 Rxd5 25. Rxd5 Rb8 26. Kf2 Rc8 27. Rxb5 Rxc2+ 28. Kf3 a4 29. Ra5 Rxb2 30. Rxa4 Ke6 31. Ra5 h5 32. h4 Rc2 33. g3 g6 34. Kf4 Rc4+ 35. Ke3 Rg4 36. Kf3 Rd4 37. Ke3 Rc4 38. Kf3 Kf5 39. Rd5 Rc3+ 40. Kf2 Ke6 41. Ra5 Rd3 42. a4 Kf5 43. Rb5 Ke4 44. Kg2 Rd2+ 45. Kh3 Rd5 46. Rxd5 Kxd5 47. a5 Kc5 48. g4 Kb5 49. gxh5 gxh5 50. Kg3 Kxa5 51. Kf4 d5 52. exd6 Kb6 53. Kg5 Kc6 54. Kxh5 Kxd6 55. Kg5 Ke7 56. h5 Kf8 57. Kf6 Kg8 58. h6 Kh7 59. Kxf7 Kxh6 1/2-1/2

[Event "4th Batumi Cup 2018"]
[Site "Batumi"]
[Date "2018.07.04"]
[Round "3"]
[White "Nigmatov, Ortik"]
[Black "Chkhaidze, Nikoloz"]
[Result "1-0"]
[ECO "D94"]
[WhiteElo "2461"]
[BlackElo "2337"]
[Annotator "ChessBase"]
[PlyCount "83"]
[EventDate "2018.07.03"]
[EventType "swiss"]
[EventCountry "GEO"]
[SourceTitle "playchess.com"]
[Source "ChessBase"]
[SourceQuality "1"]
[TimeControl "40/5400+30:1800+30"]

1. Nf3 Nf6 2. e3 g6 3. b3 Bg7 4. Bb2 O-O 5. d4 b6 6. Be2 Bb7 7. O-O d5 8. c4 Nbd7 9. Nc3 c5 10. Rc1 Rc8 11. Re1 dxc4 12. Bxc4 a6 13. a4 cxd4 14. exd4 e6 15. Qe2 a5 16. Rcd1 Nd5 17. Nxd5 Bxd5 18. Bxd5 exd5 19. Qb5 Nf6 20. Ne5 Qd6 21. Rc1 Rfe8 22. Qa6 Qb8 23. Rxc8 Rxc8 24. Rc1 Rxc1+ 25. Bxc1 Ne4 26. Nc6 Qd6 27. Qc8+ Bf8 28. Bh6 Nf6 29. Ne5 Qe7 30. Bxf8 Qxf8 31. Qb7 Kg7 32. g3 Ne4 33. Qxd5 Nd2 34. Qb5 Qa3 35. Qd3 Nxb3 36. Qf3 f5 37. Qb7+ Kg8 38. Qc8+ Kg7 39. Qb7+ Kg8 40. Qf7+ Kh8 41. Qf6+ Kg8 42. Nc6 1-0

[Event "4th Batumi Cup 2018"]
[Site "Batumi"]
[Date "2018.07.04"]
[Round "3"]
[White "Duzhakov, Ilya"]
[Black "Pantsulaia, Levan"]
[Result "0-1"]
[ECO "A67"]
[WhiteElo "2448"]
[BlackElo "2575"]
[Annotator "ChessBase"]
[PlyCount "133"]
[EventDate "2018.07.03"]
[EventType "swiss"]
[EventCountry "GEO"]
[SourceTitle "playchess.com"]
[Source "ChessBase"]
[SourceQuality "1"]
[TimeControl "40/5400+30:1800+30"]

1. d4 Nf6 2. c4 c5 3. d5 e6 4. Nc3 exd5 5. cxd5 d6 6. e4 g6 7. f4 Bg7 8. Bb5+ Nfd7 9. Nf3 a6 10. Bd3 b5 11. O-O O-O 12. a3 Re8 13. Kh1 Nf6 14. e5 dxe5 15. fxe5 Ng4 16. d6 Nxe5 17. Be4 Ra7 18. Bg5 Qd7 19. Nd5 Nbc6 20. Bf6 Ng4 21. Ng5 Nce5 22. Nb6 Ne3 23. Nxd7 Nxd1 24. Nxe5 Bxf6 25. Nc6 Bxg5 26. Nxa7 Ne3 27. Rfe1 Bd7 28. Bf3 Re6 29. Rac1 c4 30. Rc3 a5 31. h4 b4 32. axb4 axb4 33. hxg5 bxc3 34. bxc3 Nf5 35. Rxe6 fxe6 36. Kg1 Nxd6 37. Kf2 Kf7 38. Bc6 Ke7 39. Ke3 Kd8 40. Kd4 Kc7 41. Bxd7 Kxd7 42. Ke5 Nf5 43. Nb5 Ne3 44. g3 Ke7 45. Nc7 Ng4+ 46. Kf4 Nf2 47. Ke5 Nd3+ 48. Kd4 Nc1 49. Ke5 Ne2 50. Nb5 Nxg3 51. Na3 Ne2 52. Nxc4 Nxc3 53. Na5 Kd7 54. Nc4 Nd5 55. Nd6 Nb6 56. Nb7 Ke7 57. Ke4 Nc4 58. Kd4 Nd6 59. Nc5 Nf7 60. Ne4 Kd8 61. Ke3 e5 62. Kf3 Ke7 63. Kg4 Ke6 64. Nc5+ Kd5 65. Nd7 e4 66. Kf4 Nxg5 67. Nf6+ 0-1

[Event "4th Batumi Cup 2018"]
[Site "Batumi"]
[Date "2018.07.04"]
[Round "3"]
[White "Sibashvili, Giorgi"]
[Black "Primbetov, Kazbek"]
[Result "1-0"]
[ECO "A06"]
[WhiteElo "2408"]
[BlackElo "2257"]
[Annotator "NA"]
[PlyCount "59"]
[EventDate "2018.07.03"]
[EventType "swiss"]
[EventCountry "GEO"]
[SourceTitle "playchess.com"]
[Source "ChessBase"]
[SourceQuality "1"]
[TimeControl "40/5400+30:1800+30"]

1. Nf3 d5 2. b3 c5 3. e3 Nc6 4. Bb5 Qb6 5. Bxc6+ Qxc6 6. Bb2 f6 7. d4 Bg4 8. O-O e6 9. Nbd2 c4 (9... cxd4 $1 $15 10. Nxd4 (10. Bxd4 e5 $11) (10. exd4 Bd6 $11) 10... Bxd1 11. Nxc6 Bh5) 10. bxc4 dxc4 11. c3 Bd6 12. a4 $11 Ne7 13. Ba3 Bxa3 14. Rxa3 Bf5 15. Re1 Bd3 16. e4 O-O 17. Re3 e5 18. Ne1 Qd6 19. Ra2 exd4 20. cxd4 Qxd4 21. Nxd3 cxd3 22. Qb3+ Kh8 23. Rxd3 Qc5 24. Rc2 Qa5 25. Rd7 Rad8 26. Rxe7 Rxd2 27. Rxd2 Qxd2 28. g3 Qe1+ 29. Kg2 b6 30. Qf7 1-0

[Event "4th Batumi Cup 2018"]
[Site "Batumi"]
[Date "2018.07.04"]
[Round "3"]
[White "Rahul Srivatshav P"]
[Black "Martynyuk, Elizaveta"]
[Result "1-0"]
[ECO "B51"]
[WhiteElo "2397"]
[BlackElo "2182"]
[Annotator "NA"]
[PlyCount "109"]
[EventDate "2018.07.03"]
[EventType "swiss"]
[EventCountry "GEO"]
[SourceTitle "playchess.com"]
[Source "ChessBase"]
[SourceQuality "1"]
[TimeControl "40/5400+30:1800+30"]

1. e4 c5 2. Nf3 Nc6 3. Bb5 d6 4. Bxc6+ bxc6 5. O-O e5 6. c3 Nf6 7. Re1 Bg4 8. h3 Bh5 9. d4 cxd4 10. cxd4 Nd7 11. Be3 Be7 12. Nbd2 exd4 13. Bxd4 O-O 14. Rc1 Rc8 15. Nf1 Bg5 16. Rc2 Bf4 17. Ne3 $11 Bg6 18. Nf5 Bxf5 19. exf5 Qa5 20. g3 Bh6 21. g4 f6 22. Re7 Rf7 23. Re6 Qd5 24. Qe2 Nf8 25. Re4 Qxa2 26. Kg2 Qb3 27. Rc3 Qb7 28. b4 d5 29. Re8 Rxe8 30. Qxe8 Qxb4 31. Rxc6 Re7 32. Qc8 Qb7 33. Bc5 Qxc8 34. Rxc8 Rf7 35. Nd4 g6 36. Ne6 gxf5 37. gxf5 a5 38. Kf3 a4 39. Ke2 Bg7 40. Kd3 Bh6 41. Kd4 Bg7 42. Ba3 Bh6 43. h4 Bg7 44. h5 Bh6 45. Kxd5 Rd7+ 46. Kc6 Rf7 47. Bc5 Bg7 48. Rb8 Bh6 49. Kb5 Bg7 50. Kxa4 Bh6 51. Kb5 Bg7 52. Kc6 Bh6 53. Bxf8 Bxf8 54. h6 Kh8 55. Nxf8 1-0

[Event "4th Batumi Cup 2018"]
[Site "Batumi"]
[Date "2018.07.04"]
[Round "3"]
[White "Oboladze, Luka"]
[Black "Eynullayev, Altay"]
[Result "1/2-1/2"]
[ECO "D41"]
[WhiteElo "2378"]
[BlackElo "2134"]
[Annotator "NA"]
[PlyCount "111"]
[EventDate "2018.07.03"]
[EventType "swiss"]
[EventCountry "GEO"]
[SourceTitle "playchess.com"]
[Source "ChessBase"]
[SourceQuality "1"]
[TimeControl "40/5400+30:1800+30"]

1. d4 Nf6 2. c4 e6 3. Nf3 d5 4. Nc3 c5 5. cxd5 Nxd5 6. e4 Nxc3 7. bxc3 cxd4 8. cxd4 Bb4+ 9. Bd2 Bxd2+ 10. Qxd2 O-O 11. Bc4 Nd7 12. O-O b6 13. a4 Bb7 14. Bd3 h6 15. a5 bxa5 16. Rfb1 Qc7 17. Qxa5 Rfc8 18. Nd2 $14 Nb6 19. Nb3 Rd8 20. Qd2 Qe7 21. Qe3 Rdc8 22. Nc5 Bc6 23. Ra5 Rc7 24. Na6 Rd7 25. Rc1 Rc8 26. Nc5 Rdc7 27. Rca1 Rd8 28. f3 Qd6 29. d5 exd5 30. e5 Qe7 31. Na6 d4 32. Qf4 Rcd7 33. Nc5 Rc7 34. e6 Bd5 35. Nd7 Rb7 36. Nxb6 Rxb6 37. exf7+ Bxf7 38. Re5 Qf6 39. Rf5 Qe6 40. Re5 Qf6 41. Qxf6 Rxf6 42. Rxa7 Bg6 43. Bxg6 Rxg6 44. Ra2 Rgd6 45. Rd2 Kf7 46. Rd3 Re6 47. Rf5+ Rf6 48. Ra5 Rfd6 49. Kf2 Ke6 50. f4 Rd5 51. Ra1 g5 52. g3 gxf4 53. gxf4 Kf5 54. Kf3 Rc8 55. Rad1 Rc2 56. Rxd4 1/2-1/2

[Event "4th Batumi Cup 2018"]
[Site "Batumi"]
[Date "2018.07.04"]
[Round "3"]
[White "Martynov, Roman"]
[Black "Al Hosani, Omran"]
[Result "1/2-1/2"]
[ECO "D70"]
[WhiteElo "2366"]
[BlackElo "2089"]
[Annotator "NA"]
[PlyCount "112"]
[EventDate "2018.07.03"]
[EventType "swiss"]
[EventCountry "GEO"]
[SourceTitle "playchess.com"]
[Source "ChessBase"]
[SourceQuality "1"]
[TimeControl "40/5400+30:1800+30"]

1. d4 Nf6 2. c4 g6 3. Nf3 d5 4. cxd5 Nxd5 5. e4 Nb6 6. h3 Bg7 7. Nc3 O-O 8. Be3 Nc6 9. Be2 {[%emt 0:04:05] LiveBook: 49 Games} Na5 $16 10. Qc1 Re8 11. O-O Nac4 12. Bg5 c6 13. Rd1 Be6 14. b3 Nd6 15. Qc2 a5 16. a4 f5 17. e5 Ndc8 18. Nd2 Nd5 19. Nc4 Nb4 20. Qb2 Nb6 21. Nd6 h6 22. Nxe8 Qxe8 23. Be3 Qf7 24. d5 N6xd5 25. Nxd5 Bxd5 26. Bc5 Qe6 27. f4 g5 28. Bxb4 axb4 29. Qd4 gxf4 30. Qxb4 Qxe5 31. Bc4 Qe3+ 32. Kf1 Bxa1 33. Rxa1 Qe4 34. Bxd5+ cxd5 35. Qxb7 Qd3+ 36. Kg1 Rf8 37. Re1 Qd4+ 38. Kh1 e5 39. Qc7 e4 40. Qxf4 Qf6 41. b4 d4 42. a5 d3 43. b5 Rd8 44. b6 d2 45. Rd1 Qc6 46. Qxf5 e3 47. b7 Qe8 48. Qg4+ Kh7 49. Qe2 Qe5 50. a6 Qc5 51. Qf3 Rf8 52. Qe4+ Kg7 53. a7 Qxa7 54. Qe7+ Kg8 55. Qe6+ Kg7 56. Qe7+ Kg8 1/2-1/2

[Event "4th Batumi Cup 2018"]
[Site "Batumi"]
[Date "2018.07.04"]
[Round "3"]
[White "Gvetadze, Sofio"]
[Black "Stepanyan, Eva"]
[Result "1-0"]
[ECO "A12"]
[WhiteElo "2316"]
[BlackElo "2096"]
[Annotator "NA"]
[PlyCount "105"]
[EventDate "2018.07.03"]
[EventType "swiss"]
[EventCountry "GEO"]
[SourceTitle "playchess.com"]
[Source "ChessBase"]
[SourceQuality "1"]
[TimeControl "40/5400+30:1800+30"]

1. g3 d5 2. Bg2 c6 3. Nf3 Nf6 4. O-O Bf5 5. d3 h6 6. Nbd2 e6 7. c4 Be7 8. b3 O-O 9. Bb2 Nbd7 10. Re1 Bh7 11. Rc1 a5 12. cxd5 cxd5 13. Nb1 Bb4 14. Rf1 Rc8 15. Nc3 Qe7 16. Na4 e5 $11 17. d4 e4 18. Ne5 Bd6 19. Nxd7 Nxd7 20. Nc3 Qe6 21. f4 f5 22. e3 Bg6 23. Qe2 b6 24. Qb5 Bf7 25. Rf2 Bb8 26. Rfc2 Rc6 27. Na4 Rxc2 28. Rxc2 Be8 29. Rc6 Nf6 30. Rxe6 Bxb5 31. Nc3 Bd3 32. Rxb6 Bc7 33. Rc6 Rf7 34. h3 Kf8 35. Rc5 Rd7 36. Na4 Kf7 37. Bc3 Bb1 38. Bxa5 Bd6 39. Rc6 Bxa2 40. Nb6 Ra7 41. b4 Bf8 42. Bf1 Bb3 43. Rc3 Bd1 44. Nc8 Ra8 45. Rc7+ Kg6 46. Ne7+ Bxe7 47. Rxe7 Bc2 48. Bb5 Bd3 49. Ba4 Nh5 50. g4 fxg4 51. Be8+ Kf6 52. Rf7+ Ke6 53. f5+ 1-0

[Event "4th Batumi Cup 2018"]
[Site "Batumi"]
[Date "2018.07.04"]
[Round "3"]
[White "Suleymanli, Aydin"]
[Black "Pogosyan, Stefan"]
[Result "1-0"]
[ECO "A00"]
[WhiteElo "2266"]
[BlackElo "2356"]
[Annotator "NA"]
[PlyCount "43"]
[EventDate "2018.07.03"]
[EventType "swiss"]
[EventCountry "GEO"]
[SourceTitle "playchess.com"]
[Source "ChessBase"]
[SourceQuality "1"]
[TimeControl "40/5400+30:1800+30"]

1. b4 f5 2. Bb2 Nf6 3. e3 g6 4. Nf3 Bg7 5. Bc4 e6 6. O-O O-O 7. d4 d6 8. Nbd2 Kh8 9. a4 e5 10. dxe5 Ng4 11. Qc1 $14 Nxe5 12. Nxe5 dxe5 13. Nf3 Nd7 14. Rd1 Qe7 15. b5 Re8 16. e4 f4 17. Rd5 g5 18. h3 h5 19. Bb3 g4 20. hxg4 hxg4 21. Qxf4 Bf6 22. Rxd7 1-0

[Event "4th Batumi Cup 2018"]
[Site "Batumi"]
[Date "2018.07.04"]
[Round "3"]
[White "Mammadova, Narmin"]
[Black "Sanchez, Louis"]
[Result "1/2-1/2"]
[ECO "B06"]
[WhiteElo "2209"]
[BlackElo "2290"]
[Annotator "NA"]
[PlyCount "131"]
[EventDate "2018.07.03"]
[EventType "swiss"]
[EventCountry "GEO"]
[SourceTitle "playchess.com"]
[Source "ChessBase"]
[SourceQuality "1"]
[TimeControl "40/5400+30:1800+30"]

1. e4 g6 2. d4 Bg7 3. Nf3 d6 4. h3 Nf6 5. Nbd2 O-O 6. Be2 Nc6 7. O-O e5 8. dxe5 Nxe5 9. Nxe5 dxe5 10. c3 b6 11. Qc2 Bb7 12. Re1 Bh6 13. Bf3 $11 Qe7 14. Nf1 Bxc1 15. Raxc1 a5 16. Ne3 Qe6 17. a3 Rad8 18. Rcd1 h5 19. c4 Rd4 20. Nd5 c5 21. Re3 Bxd5 22. exd5 Qd6 23. Rde1 Re8 24. Be4 Kg7 25. Qe2 Nd7 26. Bc2 h4 27. Ba4 f6 28. Qc2 Rd8 29. Bxd7 Qxd7 30. Qb3 b5 31. cxb5 a4 32. Qc2 Qxb5 33. Rc3 R8xd5 34. Rc1 Rd2 35. Qe4 R5d4 36. Qf3 c4 37. R3c2 R2d3 38. Qe2 Qd5 39. Re1 e4 40. Kh2 f5 41. Kg1 Qd6 42. Rf1 Qf4 43. Rfc1 Qd6 44. Rf1 Qd8 45. Qe1 Qd6 46. Qa5 Rd1 47. Rc1 Rxf1+ 48. Rxf1 Qd7 49. Qe5+ Kf7 50. Qh8 Rd2 51. Qh7+ Kf6 52. Qxh4+ Kg7 53. Qg3 Qd4 54. Qc7+ Kh6 55. Qf4+ Kg7 56. Rc1 Rxb2 57. Rxc4 Qxc4 58. Qe5+ Kf7 59. Qxb2 Qb3 60. Qc1 Ke6 61. Qc6+ Ke5 62. Qc5+ Kf6 63. Qd6+ Kf7 64. Qd7+ Kf6 65. Qd6+ Kf7 66. Qd7+ 1/2-1/2

[Event "4th Batumi Cup 2018"]
[Site "Batumi"]
[Date "2018.07.04"]
[Round "3"]
[White "Tereladze, Sopiko"]
[Black "Akhvlediani, Irakli"]
[Result "1/2-1/2"]
[ECO "B36"]
[WhiteElo "2169"]
[BlackElo "2264"]
[Annotator "NA"]
[PlyCount "55"]
[EventDate "2018.07.03"]
[EventType "swiss"]
[EventCountry "GEO"]
[SourceTitle "playchess.com"]
[Source "ChessBase"]
[SourceQuality "1"]
[TimeControl "40/5400+30:1800+30"]

1. e4 c5 2. Nf3 Nc6 3. d4 cxd4 4. Nxd4 g6 5. c4 Nf6 6. Nc3 d6 7. Be2 Nxd4 8. Qxd4 Bg7 9. Be3 O-O 10. Qd2 Be6 11. Rc1 a5 12. b3 a4 13. O-O $11 axb3 14. axb3 Qa5 15. f3 Rfc8 16. Rfd1 Qb4 17. Nd5 Qxd2 18. Bxd2 Nxd5 19. cxd5 Bd7 20. Rxc8+ Rxc8 21. Rc1 Bd4+ 22. Kf1 Rxc1+ 23. Bxc1 f5 24. Bd3 fxe4 25. fxe4 Kf7 26. h3 Kf6 27. Ke2 b6 28. Kf3 1/2-1/2

[Event "4th Batumi Cup 2018"]
[Site "Batumi"]
[Date "2018.07.05"]
[Round "4"]
[White "Jumabayev, Rinat"]
[Black "Pantsulaia, Levan"]
[Result "1/2-1/2"]
[WhiteElo "2594"]
[BlackElo "2575"]
[Annotator "NA"]
[PlyCount "13"]
[EventDate "2018.07.03"]
[EventType "swiss"]
[EventCountry "GEO"]
[SourceTitle "playchess.com"]
[Source "ChessBase"]
[SourceQuality "1"]
[TimeControl "40/5400+30:1800+30"]

{[%evp 11,13,360,566,221] Nf3Nf6g3d5 Bg2c6 [%clk 1:23:07] c4dxc4 [%clk 1:23:07] O-O [%clk 1:12:43] Nbd7 [%clk 1:23:07] Qc2 [%clk 1:12:43] b5 [%clk 1:23:07]} 1. b3 {[%emt 0:17:47] cxb3 [%clk 1:23:07] Qxc6 [%clk 1:12:43] Rb8 [%clk 1:23:07] axb3 [%clk 1:12:43] Bb7 [%clk 1:23:07] Qc3 [%clk 1:12:43]} a6 {[%emt 0:07:23] Nd4 [%clk 1:12:43] Bxg2 [%clk 1:23:07] Kxg2 [%clk 1:12:43] Rc8 [%clk 1:23:07] Qa5 [%clk 1:12:43] Qxa5 [%clk 1:23:07] Rxa5 [%clk 1:12:43] Nb8 [%clk 1:23:07]} 2. Bb2 e6 3. f4 Bb4 {[%emt 0:00:30] Ra2 [%clk 1:12:43] O-O [%clk 1:23:07]} 4. Nf3 {[%emt 0:00:30] Rfd8 [%clk 1:23:07] Nc3 [%clk 1:12:43] Nfd7 [%clk 1:23:07] Ne4 [%clk 1:12:43]} f5 {[%emt 0:00:30] Nf2 [%clk 1:12:43] Nc5 [%clk 1:23:07] Rb1 [%clk 1:12:43] Bxd2 [%clk 1:23:07]} 5. Bxg7 {[%emt 0:00:30] Kxg7 [%clk 1:23:07] Nxd2 [%clk 1:12:43]} Nc6 {[%emt 0:00:30] Nf3 [%clk 0:27:14] a5 [%clk 0:32:43] b4 [%clk 0:27:14] axb4 [%clk 0:32:43] Rc2 [%clk 0:27:14] Rd5 [%clk 0:32:43] Nd3 [%clk 0:27:14] Nxd3 [%clk 0:32:43] exd3 [%clk 0:27:14] Rxd3 [%clk 0:32:43] Rxb4 [%clk 0:27:14] Nxb4 [%clk 0:32:43] Rxc8 [%clk 0:27:14] Nd5 [%clk 0:32:43] Rb8 [%clk 0:27:14] b4 [%clk 0:32:43] Rb7+ [%clk 0:27:14] Kh6 [%clk 0:32:43]} 6. Ng5 {[%emt 0:45:59] b3 [%clk 0:32:43] Nf7 [%clk 0:27:14] Kh5 [%clk 0:32:43] b3 [%clk 0:32:43] Nf3 [%clk 0:12:41]} Ne5 $2 {[%emt 0:56:23] Rd2+ [%clk 0:32:43] Kf3 [%clk 0:27:14] Nf6 [%clk 0:32:43] Rxb3 [%clk 0:27:14] Rxh2 [%clk 0:32:43] Rb7 [%clk 0:27:14] h6 [%clk 0:32:43] Rb5 [%clk 0:27:14] Rh1 [%clk 0:32:43] Rb6 [%clk 0:27:14] Ng4 [%clk 0:32:43] Nxg4 [%clk 0:27:14] fxg4+ [%clk 0:32:43] Rd2+ [%clk 0:32:43] Kf3 [%clk 0:27:14] Nf6 [%clk 0:32:43] Kg2 [%clk 0:05:07]} (6... h6 {was worth a try.} 7. Nxe6 dxe6) 7. Kf2 $18 {[%emt 0:00:30] Rh2+ [%clk 0:32:43] Kf1 [%clk 0:27:14] Rh1+ [%clk 0:32:43] Kf2 [%clk 0:27:14]} (7. Bxh8 Ng6 8. Bc3 Nxf4 9. Nf3) 1/2-1/2

[Event "4th Batumi Cup 2018"]
[Site "Batumi"]
[Date "2018.07.05"]
[Round "4"]
[White "Levin, Evgeny A"]
[Black "Smirnov, Pavel"]
[Result "1/2-1/2"]
[ECO "D43"]
[WhiteElo "2539"]
[BlackElo "2576"]
[Annotator "ChessBase"]
[PlyCount "33"]
[EventDate "2018.07.03"]
[EventType "swiss"]
[EventCountry "GEO"]
[SourceTitle "playchess.com"]
[Source "ChessBase"]
[SourceQuality "1"]
[TimeControl "40/5400+30:1800+30"]

1. d4 d5 2. c4 e6 3. Nf3 Nf6 4. Nc3 c6 5. Bg5 h6 6. Bh4 dxc4 7. e4 g5 8. Bg3 b5 9. Be2 Bb7 10. h4 g4 11. Ne5 Nbd7 12. Nxg4 b4 13. Na4 Nxe4 14. Bxc4 Qa5 15. O-O Rg8 16. Qe2 Qf5 17. Ne3 1/2-1/2

[Event "4th Batumi Cup 2018"]
[Site "Batumi"]
[Date "2018.07.05"]
[Round "4"]
[White "Mosadeghpour, Masoud"]
[Black "Suleymanli, Aydin"]
[Result "1/2-1/2"]
[ECO "B17"]
[WhiteElo "2531"]
[BlackElo "2266"]
[Annotator "ChessBase"]
[PlyCount "95"]
[EventDate "2018.07.03"]
[EventType "swiss"]
[EventCountry "GEO"]
[SourceTitle "playchess.com"]
[Source "ChessBase"]
[SourceQuality "1"]
[TimeControl "40/5400+30:1800+30"]

1. e4 c6 2. d4 d5 3. Nd2 dxe4 4. Nxe4 Nd7 5. Nf3 Ngf6 6. Nxf6+ Nxf6 7. c3 Bg4 8. h3 Bxf3 9. Qxf3 e6 10. g3 Qd5 11. Bg2 Qxf3 12. Bxf3 O-O-O 13. Bg5 Be7 14. O-O-O Nd5 15. h4 h6 16. Bd2 c5 17. dxc5 Bxc5 18. Rhe1 Rd7 19. b4 Be7 20. Bxd5 Rxd5 21. Be3 Rxd1+ 22. Rxd1 Kc7 23. a4 a6 24. Bf4+ Kc8 25. Rd4 g5 26. Rc4+ Kd8 27. Be5 f6 28. Bb8 h5 29. b5 axb5 30. axb5 gxh4 31. Rxh4 Kc8 32. Ba7 f5 33. Ra4 Kc7 34. Bd4 Rd8 35. Be5+ Kb6 36. c4 Bc5 37. Bc3 Kc7 38. Ra2 Rd3 39. Ba5+ Kd7 40. Be1 e5 41. Ra8 Rd4 42. Rh8 Rxc4+ 43. Kd1 Ke6 44. Rxh5 b6 45. Rh8 Rd4+ 46. Ke2 Ra4 47. Rh6+ Kd5 48. Rf6 1/2-1/2

[Event "4th Batumi Cup 2018"]
[Site "Batumi"]
[Date "2018.07.05"]
[Round "4"]
[White "Sanikidze, Tornike"]
[Black "Martynov, Roman"]
[Result "1-0"]
[ECO "E12"]
[WhiteElo "2512"]
[BlackElo "2366"]
[Annotator "ChessBase"]
[PlyCount "75"]
[EventDate "2018.07.03"]
[EventType "swiss"]
[EventCountry "GEO"]
[SourceTitle "playchess.com"]
[Source "ChessBase"]
[SourceQuality "1"]
[TimeControl "40/5400+30:1800+30"]

1. d4 Nf6 2. c4 e6 3. Nf3 b6 4. a3 Bb7 5. Nc3 Ne4 6. Nxe4 Bxe4 7. Bf4 d6 8. e3 Be7 9. Bd3 Bxd3 10. Qxd3 a5 11. b3 Nd7 12. O-O O-O 13. e4 Qc8 14. Be3 Qb7 15. Nd2 d5 16. cxd5 exd5 17. e5 c5 18. f4 cxd4 19. Bxd4 f5 20. Qb5 Rfc8 21. b4 Qc6 22. Qd3 Qc2 23. Qf3 Qc6 24. Rac1 Qe6 25. Qb3 axb4 26. axb4 b5 27. Rxc8+ Rxc8 28. Ra1 Qc6 29. h3 Nb6 30. Ra6 Qc1+ 31. Nf1 Nc4 32. Qf3 Rd8 33. Ra1 Qc2 34. Ra7 Qe4 35. Rxe7 Qxd4+ 36. Kh2 Qe4 37. Qg3 g6 38. Qh4 1-0

[Event "4th Batumi Cup 2018"]
[Site "Batumi"]
[Date "2018.07.05"]
[Round "4"]
[White "Quparadze, Giga"]
[Black "Duzhakov, Ilya"]
[Result "1-0"]
[ECO "B20"]
[WhiteElo "2503"]
[BlackElo "2448"]
[Annotator "ChessBase"]
[PlyCount "81"]
[EventDate "2018.07.03"]
[EventType "swiss"]
[EventCountry "GEO"]
[SourceTitle "playchess.com"]
[Source "ChessBase"]
[SourceQuality "1"]
[TimeControl "40/5400+30:1800+30"]

1. e4 c5 2. Ne2 d6 3. g3 g6 4. Bg2 Bg7 5. c3 Nc6 6. d4 cxd4 7. cxd4 h5 8. h3 Qb6 9. Nbc3 Nf6 10. Be3 Qd8 11. Qd2 Bd7 12. f4 O-O 13. O-O e6 14. e5 Ne8 15. Ne4 d5 16. Ng5 Qa5 17. Nc3 f6 18. Nf3 f5 19. g4 hxg4 20. hxg4 fxg4 21. Nh4 Kf7 22. Qe2 Ne7 23. Qxg4 Rh8 24. Nxg6 Nf5 25. Nxh8+ Bxh8 26. Qh5+ Kg8 27. Rf3 Neg7 28. Qh2 Nxe3 29. Rxe3 Nf5 30. Rd3 Bg7 31. Bh3 Rf8 32. Bxf5 Rxf5 33. Rg3 Qb6 34. Rd1 Be8 35. Rd2 Kf8 36. Qh7 Rf7 37. Kh2 Qa6 38. Rdg2 Qf1 39. Ne2 Bb5 40. Qh4 Bxe2 41. Qd8# 1-0

[Event "4th Batumi Cup 2018"]
[Site "Batumi"]
[Date "2018.07.05"]
[Round "4"]
[White "Tutisani, Noe"]
[Black "Sibashvili, Giorgi"]
[Result "1-0"]
[ECO "C55"]
[WhiteElo "2469"]
[BlackElo "2408"]
[Annotator "ChessBase"]
[PlyCount "129"]
[EventDate "2018.07.03"]
[EventType "swiss"]
[EventCountry "GEO"]
[SourceTitle "playchess.com"]
[Source "ChessBase"]
[SourceQuality "1"]
[TimeControl "40/5400+30:1800+30"]

1. e4 e5 2. Nf3 Nc6 3. Bc4 Nf6 4. d3 Be7 5. O-O d6 6. a4 Be6 7. Nbd2 O-O 8. Re1 Qd7 9. c3 Rfe8 10. a5 Bxc4 11. Nxc4 b5 12. axb6 axb6 13. Bg5 Ng4 14. Bxe7 Nxe7 15. h3 b5 16. Rxa8 Rxa8 17. hxg4 bxc4 18. dxc4 Qxg4 19. c5 Ng6 20. cxd6 cxd6 21. Nh2 Qe6 22. Nf1 Ra2 23. Qd2 Qb3 24. Rb1 h6 25. Ne3 Qb7 26. Qd5 Qa6 27. Qc4 Nf4 28. Qxa6 Rxa6 29. Rd1 Ne6 30. Nc4 Nc5 31. Nxd6 Ra2 32. b4 Na4 33. Rc1 Rb2 34. c4 Rxb4 35. c5 Rd4 36. Nf5 Rxe4 37. c6 Nb6 38. c7 Kh7 39. Nd6 Ra4 40. Rc6 Ra7 41. Kh2 f6 42. Nb5 Rb7 43. Rxb6 Rxb6 44. c8=Q Rxb5 45. Qc4 Rb2 46. f3 Rd2 47. Kh3 h5 48. Qe4+ Kg8 49. Qg6 Rd4 50. Qe8+ Kh7 51. Qxh5+ Kg8 52. Qe8+ Kh7 53. g3 Kh6 54. Qc6 Kg5 55. f4+ Kf5 56. Qc2+ Ke6 57. Qb3+ Kf5 58. Qc2+ Ke6 59. fxe5 f5 60. Qc6+ Kxe5 61. Qc5+ Ke4 62. Qe7+ Kd3 63. Qxg7 f4 64. Qxd4+ Kxd4 65. gxf4 1-0

[Event "4th Batumi Cup 2018"]
[Site "Batumi"]
[Date "2018.07.05"]
[Round "4"]
[White "Nigmatov, Ortik"]
[Black "Maghalashvili, Davit"]
[Result "*"]
[ECO "A13"]
[WhiteElo "2461"]
[BlackElo "2508"]
[Annotator "ChessBase"]
[PlyCount "24"]
[EventDate "2018.07.03"]
[EventType "swiss"]
[EventCountry "GEO"]
[SourceTitle "playchess.com"]
[Source "ChessBase"]
[SourceQuality "1"]
[TimeControl "40/5400+30:1800+30"]

1. Nf3 {[%emt 0:00:00] d5e3 [%clk 1:30:54]} Nf6 2. c4 e6 3. b3 Bd6 4. Bb2 O-O 5. Nc3 a6 6. Qc2 b6 7. Ng5 g6 8. h4 h6 9. Nf3 Nc6 {[%emt 0:00:30] cxd5 [%clk 1:30:54] Nb4 [%clk 1:11:25]} 10. Qc1 {[%emt 0:00:30] Nbxd5 [%clk 1:11:25]} Nd5 {[%emt 0:00:00] exd5 [%clk 1:11:25]} 11. Qc2 Be7 12. Ne5 {[%emt 0:00:30] Ne4 [%clk 1:11:25] Qc6 [%clk 1:30:54]} Bb4 {[%emt 0:00:30] Bd3 [%clk 1:30:54]} *